 Dungeon Crawl Stone Soup version 0.28.0-53-g5a82cb258f (webtiles) character file.

Game seed: 9828966427385899316

60 safid the Digger (level 4, -1/26 HPs)
             Began as a Gargoyle Earth Elementalist on Sept 8, 2022.
             Killed from afar by Sigmund (8 damage)
             ... with a magic dart
             ... on level 3 of the Dungeon.
             The game lasted 00:03:31 (3188 turns).

safid the Digger (Gargoyle Earth Elementalist)      Turns: 3188, Time: 00:03:32

Health: -1/26      AC:  5    Str: 11    XL:     4   Next: 4%
Magic:  4/7        EV: 12    Int: 18    God:
Gold:   56         SH:  0    Dex: 10    Spells: 7/8 levels left

rFire   . . .      SeeInvis .   f - +0 short sword
rCold   . . .      Faith    .   (no shield)
rNeg    + . .      Spirit   .   b - +0 robe
rPois   ∞          Reflect  .   (no helmet)
rElec   +          Harm     .   (no cloak)
rCorr   .          Rampage  .   (no gloves)
Will    .....                   (no boots)
Stlth   ++........              (no amulet)
HPRegen 0.08/turn               (no ring)
MPRegen 0.10/turn               (no ring)

@: no status effects
A: sickness immunity, AC +3, negative energy resistance 1, electricity
resistance, torment resistance 1, petrification resistance
a: no special abilities


You were on level 3 of the Dungeon.
You visited 1 branch of the dungeon, and saw 3 of its levels.

You collected 92 gold pieces.
You spent 36 gold pieces at shops.

Inventory:

Hand Weapons
 f - a +0 short sword (weapon)
Missiles
 c - 63 stones
Armour
 b - a +0 robe (worn)
Jewellery
 k - a ring of resist corrosion
Scrolls
 a - a scroll of acquirement {unknown}
 e - a scroll of identify {unknown}
 i - a scroll of teleportation {unknown}
 l - a scroll of enchant weapon {unknown}
Potions
 d - a potion of magic {unknown}
 g - a potion of cancellation {unknown}
 j - a potion of degeneration {unknown}


   Skills:
 + Level 1.8 Fighting
 - Level 2.0 Dodging
 - Level 2.1 Stealth
 + Level 2.6 Spellcasting
 - Level 0.7 Transmutations
 + Level 4.3 Earth Magic


You had 7 spell levels left.
You knew the following spells:

 Your Spells              Type           Power      Damage    Failure   Level
a - Sandblast             Erth           36%        2d10      2%          1

Your spell library contained the following spells:

 Spells                   Type           Power      Damage    Failure   Level
 Passwall                 Tmut/Erth      9%         N/A       9%          2
 Foxfire                  Conj/Fire      8%         2x1d4     17%         1
 Stone Arrow              Conj/Erth      20%        3d8       21%         3
 Conjure Flame            Conj/Fire      2%         6-21      45%         3
 Inner Flame              Hex/Fire       2%         N/A       45%         3
 Petrify                  Tmut/Erth      11%        N/A       52%         4
 Flame Wave               Conj/Fire      2%         2d4       86%         4


Dungeon Overview and Level Annotations

Branches:
Dungeon (3/15)

Altars:

Shops:
D:2 !   D:3 =

Annotations:
D:3 Sigmund


Innate Abilities, Weirdness & Mutations

You are immune to sickness and miasma.
Your stone body is resilient. (AC +3)
You are immune to poison.
You resist negative energy. (rN+)
You are resistant to electric shocks. (rElec)
You are resistant to unholy torment.
You are immune to petrification.


Message History

You miscast Sandblast.
You are very lightly contaminated with residual magic.
Nothing appears to happen.
Sigmund closely misses you.
Casting: Sandblast (safe; 2% risk of failure)
Confirm with . or Enter, or press ? or * to list all spells.
Aiming: Sandblast (safe; 2% risk of failure)
Press: ? - help, Shift-Dir - straight line, f/p - Sigmund
Aim: Sigmund, wielding a +0 scythe and wearing a +0 robe (moderately wounded, fast, 77% to hit)
The blast of sand hits Sigmund.
Sigmund is heavily wounded.
Sigmund misses you.
Casting: Sandblast (safe; 2% risk of failure)
Confirm with . or Enter, or press ? or * to list all spells.
Aiming: Sandblast (safe; 2% risk of failure)
Press: ? - help, Shift-Dir - straight line, f/p - Sigmund
Aim: Sigmund, wielding a +0 scythe and wearing a +0 robe (heavily wounded, fast, 77% to hit)
The blast of sand misses Sigmund.
Sigmund casts a spell at you.
You are confused.
You're too confused to cast spells.
Unknown command.
You're too confused to cast spells.
Unknown command.
Sigmund gestures at you while chanting. The puff of flame hits you!
You bump into the rock wall.
Sigmund casts a spell at you.
You are more confused.
Sigmund completely misses you.
Your magical contamination has completely faded away.
Sigmund casts a spell at you. The puff of flame hits you.
* * * LOW HITPOINT WARNING * * *
Sigmund hits you with a +0 scythe.
* * * LOW HITPOINT WARNING * * *
Sigmund barely misses you.
You feel less confused. Sigmund gestures at you while chanting.
The magic dart hits you!
You die...

#.# #.#.#..|.....#
#..# ##......##.#.#
#.#.# ##.#..........#
#....###..###.#.##.#.#
#...#.....÷.#.# #
#...#........#
#........@..##
#...#...)...#
#.#.#....@..#
#...###.##..# ###.#
#.##..# #.# #.##..#
#.# #.##..# # #.#
#.##..# .#
#.###.##..##.####.##
###
#........)..........
..# #####........# #.#
#.#


You could see Sigmund (fast).

Vanquished Creatures
  2 adders
  A worm (D:2)
  4 dart slugs
  2 giant cockroaches (D:2)
  3 goblins
  3 hobgoblins
  3 quokkas
  4 ball pythons
  5 bats
  A frilled lizard (D:1)
  4 kobolds
  A rat (D:1)
33 creatures vanquished.

Notes
Turn   | Place    | Note
-------+----------+-------------------------------------------
     0 | D:1      | safid the Gargoyle Earth Elementalist began the quest for
                  | the Orb.
     0 | D:1      | Reached XP level 1. HP: 10/10 MP: 3/3
   594 | D:1      | Reached XP level 2. HP: 16/16 MP: 5/5
   711 | D:1      | Reached skill level 1 in Fighting
  1128 | D:1      | Reached skill level 4 in Earth Magic
  1682 | D:2      | Found Xiril's Distillery.
  1706 | D:2      | Reached XP level 3. HP: 10/20 MP: 4/6
  1893 | D:2      | Bought a potion of curing for 36 gold pieces
  2871 | D:3      | Found Xoplaim's Jewellery Emporium.
  2952 | D:3      | Reached XP level 4. HP: 9/26 MP: 3/7
  3170 | D:3      | Noticed Sigmund
  3188 | D:3      | Killed from afar by Sigmund

Illustrated notes

Levels and vault maps discovered:
D:1:      amcnicky_arrival_wind_blow, layout_loops_corners, serial_rivers,
          chequers_serial_rivers_marsh, chequers_serial_rivers_micro_c,
          chequers_serial_rivers_small_b, chequers_serial_rivers_micro_b
D:2:      layout_loops_cross, serial_shops, nicolae_square_shop,
          grunt_ministairs_1
D:3:      layout_loops_ring, lemuel_round_altar, serial_shops,
          nicolae_shop_crystal, uniq_sigmund

Skill      XL: |  1  2  3 |
---------------+----------+-----
Fighting       | 1 |  1.8
Earth Magic    | 4 |  4.3
Dodging        | 2 |  2.0
Stealth        | |  2.1
Spellcasting   | |  2.6
Transmutations | |  0.7

Action                   |  1- 3 |  4- 6 || total
-------------------------+-------+-------++-------
Melee: Whip              |    25 |       ||    25
       Short sword       |   111 |       ||   111
 Cast: Sandblast         |    14 |     4 ||    18
  Use: Potion            |       |     1 ||     1
 Stab: Sleeping          |     7 |       ||     7
Armor: Robe              |    60 |       ||    60
Dodge: Dodged            |   109 |     4 ||   113
